 Dungeon Crawl Stone Soup version 0.31.0-12-g77e489cdc1 (webtiles) character file.

Game seed: 5749568535414199646

7 BigDaddyOpFi the Trooper (level 2, -1/31 HPs)
             Began as an Octopode Fighter on Feb 22, 2024.
             Frozen to death by an endoplasm (3 damage)
             ... on level 1 of the Dungeon.
             The game lasted 00:00:43 (125 turns).

BigDaddyOpFi the Trooper (Octopode Fighter)          Turns: 125, Time: 00:00:44

Health: -1/31      AC: 21    Str: 15    XL:     2   Next: 0%
Magic:  2/2        EV: -1    Int: 10    God:
Gold:   20         SH:  4    Dex: 11    Spells: 1/1 levels left

rFire   . .          .
                       - Unarmed
rCold   . . .        a - +0 buckler
rNeg    . . .        (helmet currently unavailable)
rPois   +            (no amulet)
rElec   .            (no ring)
rCorr   .            (no ring)
SInv    .            (no ring)
Will    .....        (no ring)
Stlth   +            (no ring)
HPRegen 0.25/turn    (no ring)
MPRegen 0.08/turn    (no ring)
                     (no ring)

%: no passive effects
@: tree-form, constricted
A: stationary, stasis, torment immunity, boosted hp, almost no armour,
(amphibious), 8 rings, (camouflage 1), (gelatinous body 1), (nimble swimmer 1),
(tentacles)
a: no special abilities


You were on level 1 of the Dungeon.
You were a tree.
You visited 1 branch of the dungeon, and saw 1 of its levels.

You collected 20 gold pieces.

Inventory:

Armour
 a - a +0 buckler (worn)
Talismans
 c - a flux talisman
Potions
 b - a potion of might


   Skills:
 + Level 3.1 Fighting
 + Level 3.0 Dodging
 + Level 3.0 Shields
 + Level 2.1 Unarmed Combat
 * Level 0.3 Shapeshifting


You had one spell level left.
You didn't know any spells.
Your spell library was empty.

Dungeon Overview and Level Annotations

Branches:
Dungeon (1/15)

Altars:


Innate Abilities, Weirdness & Mutations

You are a tree.
Your roots penetrate the ground, keeping you stationary.
You cannot be teleported.
You are immune to unholy pain and torment.
Your maximum health is greatly increased.
You cannot wear most types of armour.
((You are amphibious.))
You can wear up to eight rings at the same time.
((Your skin changes colour to match your surroundings (Stealth+).))
((Your rubbery body absorbs attacks. (AC +1, EV +1)))
((You are camouflaged when in or above water. (Stealth+)))
((You have tentacles for arms and can constrict up to eight enemies at once.))


Message History

You tentacle-slap the endoplasm.
The endoplasm begins to glow.
The endoplasm is moderately wounded.
The bat stops glowing.
The bat completely misses you. The endoplasm freezes you.
You are frozen.
Ouch! That really hurt!
* * * LOW HITPOINT WARNING * * *
It was a potion of curing.
You feel better. The bat closely misses you.
The ball python misses you. x2; The endoplasm misses you.
The ball python bites you. The ball python barely misses you.
Okay, then.
There are monsters nearby!
The bat barely misses you. The endoplasm completely misses you.
The ball python bites you but does no damage.
The ball python closely misses you.
You begin untransforming.
You continue untransforming.
The bat misses you. The ball python bites you.
The ball python closely misses you. The endoplasm hits you.
You continue untransforming.
The bat hits you. The bat barely misses you. The ball python misses you.
The ball python barely misses you. The endoplasm barely misses you.
You continue untransforming.
The bat hits you but does no damage. The bat misses you.
The ball python barely misses you. The ball python closely misses you.
The endoplasm barely misses you.
Your transformation has ended.
Your +0 buckler unmelds from your body.
The bat closely misses you. The ball python closely misses you.
The ball python grabs you. The ball python constricts you.
* * * LOW HITPOINT WARNING * * *
The bat closely misses you.
The endoplasm hits you but does no damage.
The ball python closely misses you. The ball python constricts you.
* * * LOW HITPOINT WARNING * * *
It was a potion of lignification.
You turn into a tree.
Your roots penetrate the ground.
The endoplasm stops glowing.
The bat hits you but does no damage. x3
The endoplasm freezes you.
You are frozen.
You die...

### ....# .....#
......#######
............#
..........?.#
........S.J.#
>........♣b.#
.....#b#####
....$.....#
!....%###.#
#....# #.# ..###
#.##### ##### #
#.....#######...#
###.>......##...#
#........##.).#


You could see an endoplasm, 2 bats and a ball python.

Vanquished Creatures
  3 ball pythons (D:1)
  A giant cockroach (D:1)
  A hobgoblin (D:1)
  A bat (D:1)
6 creatures vanquished.

Notes
Turn   | Place    | Note
-------+----------+-------------------------------------------
     0 | D:1      | BigDaddyOpFi the Octopode Fighter began the quest for the
                  | Orb.
     0 | D:1      | Reached XP level 1. HP: 16/16 MP: 1/1
    93 | D:1      | Reached XP level 2. HP: 7/21 MP: 2/2
   124 | D:1      | HP: 1/21 [constriction (1)]
   125 | D:1      | Frozen to death by an endoplasm

Illustrated notes

Levels and vault maps discovered:
D:1:      dpeg_arrival_radiant, layout_rooms, patterned_corridor

Action                     || total
---------------------------++-------
  Melee: Unarmed           ||    18
         Constrict         ||     5
         Tentacles         ||     3
Ability: Begin Untransform ||     1
    Use: Potion            ||     2
         Scroll            ||     1
 Armour: Skin              ||    16
  Dodge: Dodged            ||    57
  Block: Buckler           ||     1
   Form: Flux              ||     1
